 Dungeon Crawl Stone Soup version 0.27.0-1-g7a089689b8 (console) character file.

Game seed: 12329637827746731839

17 jejorda2 the Sneak (level 2, 0/20 HPs)
             Began as a Vampire Hedge Wizard on Aug 10, 2021.
             Slain by Natasha (4 damage)
             ... on level 1 of the Dungeon.
             The game lasted 00:03:58 (911 turns).

jejorda2 the Sneak (Vampire Hedge Wizard)            Turns: 911, Time: 00:03:59

Health: 0/20       AC:  5    Str:  9    XL:     2   Next: 44%
Magic:  6/6        EV: 10    Int: 16    God:
Gold:   21         SH:  5    Dex: 13    Spells: 6/7 levels left

rFire    . . .     SeeInvis +   a - +0 falchion
rCold    . . .     Faith    .   (no shield)
rNeg     . . .     Spirit   .   d - +0 ring mail
rPois    .         Reflect  +   c - +0 hat
rElec    .         Harm     .   (no cloak)
rCorr    .         Rampage  .   (no gloves)
Will     .....                  (no boots)
Stlth    ++........             m - amulet of reflection
HPRegen  0.26/turn              j - ring of flight
MPRegen  0.10/turn              (no ring)

@: flying, healing quickly, slowed, very slow
A: alive, fangs 3, see invisible, vampiric 1
a: Exsanguinate


You were on level 1 of the Dungeon.
You visited 1 branch of the dungeon, and saw 2 of its levels.

You collected 21 gold pieces.

Inventory:

Hand Weapons
 a - a +0 falchion (weapon)
 e - a +0 hunting sling
 f - a +0 dagger
 h - a +0 dagger
 k - a +0 short sword
Missiles
 l - 5 poisoned darts (quivered)
Armour
 b - a +0 robe
 c - a +0 hat (worn)
 d - a +0 ring mail (worn)
Jewellery
 j - a ring of flight (left hand)
 m - an amulet of reflection (around neck)
Scrolls
 i - a scroll of identify {unknown}
Potions
 g - a potion of ambrosia {unknown}


   Skills:
 + Level 0.5 Fighting
 - Level 0.8 Short Blades
 * Level 0.0(0.3) Long Blades
 + Level 1.0 Armour
 - Level 2.2 Dodging
 - Level 3.0 Stealth
 - Level 3.0 Spellcasting
 - Level 0.7 Conjurations
 - Level 1.0 Summonings
 - Level 0.7 Translocations


You had 6 spell levels left.
You knew the following spells:

 Your Spells              Type           Power      Damage    Failure   Level
a - Magic Dart            Conj           16%        1d3       36%         1

Your spell library contained the following spells:

 Spells                   Type           Power      Damage    Failure   Level
 Call Imp                 Summ           5%         N/A       45%         2
 Blink                    Tloc           N/A        N/A       50%         2
 Slow                     Hex            2%         N/A       61%         2
 Conjure Flame            Conj/Fire      3%         6-21      80%         3
 Mephitic Cloud           Conj/Pois/Air  3%         N/A       82%         3


Dungeon Overview and Level Annotations

Branches:
Dungeon (2/15)

Altars:

Annotations:
D:1 Natasha


Innate Abilities, Weirdness & Mutations

Your natural rate of healing is accelerated.
You have razor-sharp teeth.
You have supernaturally acute eyesight. (SInv)
You are afflicted with vampirism.


Message History

You throw a poisoned dart.
The poisoned dart barely misses Natasha.
The poisoned dart hits the rat.
The rat is poisoned.
Natasha casts a spell.
You throw a poisoned dart.
The poisoned dart barely misses Natasha.
The poisoned dart completely misses the rat.
You kill the rat!
You throw a poisoned dart.
The poisoned dart barely misses Natasha.
Natasha barely misses you. Natasha casts a spell at you.
You feel yourself slow down.
You fly upwards.
The iron imp disappears in a puff of smoke!
There is a stone staircase leading down here.
Unknown command.
You barely miss Natasha.
Natasha stares at you and mumbles some strange words.
The magic dart hits you!
You hit Natasha. You bite Natasha, but do no damage.
Natasha is lightly wounded.
Natasha claws you but does no damage. Natasha closely misses you.
You riposte.
You closely miss Natasha.
Natasha is lightly wounded.
You barely miss Natasha.
Natasha is lightly wounded.
You block Natasha's attack.
Natasha mumbles some strange words.
Natasha's front paws start to glow.
Natasha barely misses you.
You hit Natasha. Your bite misses Natasha.
Natasha is heavily wounded.
Natasha barely misses you. Natasha claws you.
You closely miss Natasha.
Natasha is heavily wounded.
Natasha claws you.
* * * LOW HITPOINT WARNING * * *
Natasha claws you.
You die...

#####'##### #.........#
#.........# ###
#..⌠...⌠..# ##.#######
###.........#
##.#......#
#.'....<....'
##.###.###.#
#.#.........# ##.##
##..#.####.#..⌠...⌠..#
#=##
##.h@.....#.........#
##.##
##..#.######.........#
##.###.###.# #####'#####
##........# #.##..#.#
#).....### #.......#
##.###.#########..#.#..#
### #.#.......#..#.#..#
#.#.......#.......##
####.#.......##.#......


You could see Natasha.

Vanquished Creatures
  3 endoplasms (D:1)
  3 goblins (D:1)
  2 hobgoblins (D:1)
  2 ball pythons (D:1)
  5 kobolds (D:1)
  3 rats
18 creatures vanquished.

Notes
Turn   | Place    | Note
-------+----------+-------------------------------------------
     0 | D:1      | jejorda2 the Vampire Hedge Wizard began the quest for the
                  | Orb.
     0 | D:1      | Reached XP level 1. HP: 13/13 MP: 4/4
   349 | D:1      | Reached XP level 2. HP: 3/19 MP: 0/6
   605 | D:1      | Reached skill level 1 in Armour
   899 | D:2      | Noticed Natasha
   911 | D:1      | Slain by Natasha

Illustrated notes

Levels and vault maps discovered:
D:1:      mushboom_english_gardens, layout_loops_cross, nrook_mini_vaults,
          item_on_display_b
D:2:      layout_basic, basic_altar, basic_ecumenical_altar, uniq_natasha,
          uniq_jessica

Skill      XL: |  1  2 |
---------------+-------+-----
Armour         | 1 |  1.0
Fighting       | |  0.5
Short Blades   | |  0.8
Dodging        | |  2.2
Stealth        | |  3.0
Spellcasting   | |  3.0
Conjurations   | |  0.7
Summonings     | |  1.0
Translocations | |  0.7

Action                   || total
-------------------------++-------
Melee: Dagger            ||    44
       Bite              ||     7
       Short sword       ||    34
       Falchion          ||     5
Throw: Dart              ||     5
 Cast: Magic Dart        ||     8
 Stab: Sleeping          ||     2
Armor: Ring mail         ||    21
Dodge: Dodged            ||    43
Block: Other             ||     1
       Rpst.: Falchion   ||     1
